 Dungeon Crawl Stone Soup version 0.25-a0-651-g8c222c7a2b (webtiles) character file.

Game seed: 16915045838929647554, levelgen mode: deterministic

52 An17 the Gusty (level 3, 0/26 HPs)
             Began as a Demigod Air Elementalist on Mar 22, 2020.
             Succumbed to an adder's poison
             ... on level 2 of the Dungeon.
             The game lasted 00:03:52 (1500 turns).

An17 the Gusty (Demigod Air Elementalist)           Turns: 1500, Time: 00:03:53

Health: 0/26       AC:  5    Str: 11    XL:     3   Next: 39%
Magic:  1/8        EV: 13    Int: 21    God:
Gold:   24         SH:  0    Dex: 16    Spells: 3/6 levels left

rFire    . . .     SeeInvis .   (no weapon)
rCold    . . .     Gourm    .   (no shield)
rNeg     . . .     Faith    .   a - +0 robe
rPois    .         Spirit   .   e - +0 helmet
rElec    .         Reflect  .   (no cloak)
rCorr    .         Harm     .   d - +0 pair of gloves
MR       .....                  b - +0 pair of boots
Stlth    ++........             (no amulet)
HPRegen  0.08/turn              (no ring)
MPRegen  0.11/turn              (no ring)

@: lethally poisoned (0 -> -8)
A: high mp 1
a: no special abilities


You were on level 2 of the Dungeon.
You were not hungry.

You visited 1 branch of the dungeon, and saw 2 of its levels.

You collected 24 gold pieces.

Inventory:

Armour
 a - a +0 robe (worn)
 b - a +0 pair of boots (worn)
 d - a +0 pair of gloves (worn)
 e - a +0 helmet (worn)
Wands
 g - a wand of paralysis (6)
Potions
 f - a potion of curing {unknown}
Comestibles
 c - a ration


   Skills:
 + Level 2.0 Dodging
 - Level 2.1 Stealth
 - Level 0.4 Unarmed Combat
 + Level 2.1 Spellcasting
 + Level 1.0 Conjurations
 + Level 3.4 Air Magic


You had 3 spell levels left.
You knew the following spells:

 Your Spells              Type           Power        Failure   Level  Hunger
a - Shock                 Conj/Air       ##..         6%          1    #......
b - Swiftness             Chrm/Air       #.......     11%         2    ##.....

Your spell library contained the following spells:

 Spells                   Type           Power        Failure   Level  Hunger
 Static Discharge         Conj/Air       ##......     17%         3    ###....
 Airstrike                Air            ###.......   34%         4    #####..
 Lightning Bolt           Conj/Air       ##........   85%         5    ######.


Dungeon Overview and Level Annotations

Branches:
Dungeon (2/15)


Innate Abilities, Weirdness & Mutations

You have an increased reservoir of magic. (+10% MP)


Message History

The adder bites you.
* * * LOW HITPOINT WARNING * * *
You are lethally poisoned!
The adder poisons you! The adder closely misses you.
You closely miss the adder.
The adder is heavily wounded.
* * * LOW HITPOINT WARNING * * *
You feel sick. The adder bites you but does no damage.
You closely miss the adder.
The adder is heavily wounded.
* * * LOW HITPOINT WARNING * * *
You feel sick. The adder barely misses you.
You closely miss the adder.
The adder is heavily wounded.
* * * LOW HITPOINT WARNING * * *
You feel sick. The adder bites you.
* * * LOW HITPOINT WARNING * * *
You closely miss the adder.
The adder is heavily wounded.
You die...

# ..# #. .. .###########
#. ............ #!#
#......#... # #..
#......#...
#.##.##########......#.).
#.....lS@.....'......'...
####..######.##......#...
##'# #.##......#...
#............##......#...
#....$.......##......#...
#....g.<.....##......#...
#............############
#....l.......#
#....[...l...


You could see an adder and a frilled lizard.

Vanquished Creatures
  Robin (D:2)
  An adder (D:1)
  A leopard gecko (D:2)
  A giant cockroach (D:1)
  9 goblins
  5 hobgoblins
  4 jackals (D:2)
  5 bats
  2 frilled lizards
  A kobold (D:2)
30 creatures vanquished.

Notes
Turn   | Place    | Note
-------+----------+-------------------------------------------
     0 | D:1      | An17 the Demigod Air Elementalist began the quest for the
                  | Orb.
     0 | D:1      | Reached XP level 1. HP: 14/14 MP: 5/5
   344 | D:1      | Reached skill level 3 in Air Magic
   901 | D:2      | Noticed Robin
   904 | D:2      | Reached XP level 2. HP: 20/20 MP: 1/7
   920 | D:1      | Learned a level 2 spell: Swiftness
   982 | D:1      | Reached skill level 1 in Conjurations
  1013 | D:1      | HP: 1/20 [poisoned by an adder]
  1335 | D:2      | Killed Robin
  1335 | D:2      | Reached XP level 3. HP: 20/26 MP: 1/8
  1499 | D:2      | HP: 1/26 [adder (2)]
  1500 | D:2      | Succumbed to an adder's poison

Levels and vault maps discovered:
D:1:      nagdon_arrival_double_spiral, layout_basic, nrook_mini_backslash,
          minivault_25, minmay_pentomino_r2
D:2:      layout_basic, uniq_terence, uniq_robin

Skill      XL: |  1  2 |
---------------+-------+-----
Air Magic      | 3 |  3.4
Dodging        | 2 |  2.0
Stealth        | 2 |  2.1
Conjurations   | 1 |  1.0
Spellcasting   | 2 |  2.1
Unarmed Combat | |  0.4

Action                   || total
-------------------------++-------
Melee: Unarmed           ||    52
 Cast: Shock             ||    48
  Use: Scroll            ||     2
       Potion            ||     1
  Eat: Ration            ||     1
Armor: Robe              ||    15
Dodge: Dodged            ||    52

Table legend:
 A = Non-vault XP
 B = Vault XP
 C = Vault XP percentage of total XP
 D = Non-vault monster count
 E = Vault monster count
 F = Vault count percentage of total count
                 A         B        C        D         E       F
            +---------+---------+-------+---------+---------+-------
      Total |      42 |      33 |  44.0 |      19 |      11 |  36.7
            +---------+---------+-------+---------+---------+-------
        D:1 |      25 |       2 |   7.4 |       8 |       1 |  11.1
        D:2 |      17 |      31 |  64.6 |      11 |      10 |  47.6
            +---------+---------+-------+---------+---------+-------
